General information
			
			
        
        - name: BNet
 
        - type: Ladder team game (AT/RT)
 
        - host: Battle.net
 
        - saver: TIMG4STRok
 
        
map: GnollWood 
        - players: 4
 
        - length: 12:23
 
        - speed: Fast
 - version: 1.22 W3XP
 - replay type:  

 
» download(72 KB)
Players
        team 1 (loser) 
              
              
PRONESS[ACOA] (
teal | 64 APM | 791 actions | 12:22)
              
 3 Dreadlord 
 2 Sleep
 1 Vampiric Aura
 1 Death Knight 
 1 Death Coil
 
                » actions 
                
                | Assign group hotkey | 3 |  | 
| Basic commands | 38 |  | 
| Build / train | 44 |  | 
| Enter build submenu | 12 |  | 
| Enter hero's abilities submenu | 4 |  | 
| Right click | 426 |  | 
| Select / deselect | 174 |  | 
| Select group hotkey | 50 |  | 
| Use ability | 40 |  | 
                791 total
 » units 
                
                | Acolyte | 7 |  | 
| Ghoul | 15 |  | 
| Abomination | 3 |  | 
                25 total
 » upgrades
                
                | Ghoul Frenzy | 1 |  | 
| Disease Cloud | 1 |  | 
                2 total
 » buildings
                
                | Crypt | 1 |  | 
| Ziggurat | 5 |  | 
| Altar of Darkness | 1 |  | 
| Tomb of Relics | 1 |  | 
| Nerubian Tower | 1 |  | 
| Halls of the Dead | 1 |  | 
| Graveyard | 1 |  | 
| Black Citadel | 1 |  | 
| Slaughterhouse | 2 |  | 
| Spirit Tower | 1 |  | 
                15 total
 » build order
                00:07 Crypt
00:10 Ziggurat
00:34 Altar of Darkness
00:57 Ziggurat
01:20 Tomb of Relics
02:16 Nerubian Tower
04:01 Halls of the Dead
04:44 Graveyard
05:04 Ziggurat
06:53 Black Citadel
07:17 Slaughterhouse
07:27 Slaughterhouse
07:51 Ziggurat
09:55 Spirit Tower
10:40 Ziggurat
» items
                
                | Rod of Necromancy | 2 |  | 
| Dust of Appearance | 1 |  | 
| Scroll of Town Portal | 1 |  | 
                4 total
  
               
              
              
TOWER-CRAFT (
yellow | 91 APM | 931 actions | 10:12)
              
 3 Demon Hunter 
 2 Mana Burn
 1 Evasion
 2 Naga Sea Witch 
 1 Frost Arrows
 1 Forked Lightning
 
                » actions 
                
                | Assign group hotkey | 22 |  | 
| Basic commands | 8 |  | 
| Build / train | 49 |  | 
| Enter build submenu | 10 |  | 
| Enter hero's abilities submenu | 5 |  | 
| Right click | 538 |  | 
| Select / deselect | 168 |  | 
| Select group hotkey | 86 |  | 
| Use ability | 45 |  | 
                931 total
 » units 
                
                | Wisp | 15 |  | 
| Archer | 14 |  | 
| Forest Troll Berserker | 1 |  | 
| Forest Troll Shadow Priest | 3 |  | 
| Druid of the Talon | 1 |  | 
                34 total
 » upgrades
                » buildings
                
                | Altar of Elders | 1 |  | 
| Moon Well | 4 |  | 
| Ancient of War | 2 |  | 
| Tree of Ages | 2 |  | 
| Ancient of Wind | 1 |  | 
                10 total
 » build order
                00:17 Altar of Elders
00:19 Moon Well
00:54 Ancient of War
01:45 Moon Well
01:53 Moon Well
02:58 Ancient of War
03:27 Tree of Ages
04:28 Moon Well
06:51 Ancient of Wind
» items
                
                | Circlet of Nobility | 1 |  | 
| Boots of Speed | 1 |  | 
| Staff of Teleportation | 1 |  | 
                3 total
  
               team 2 (winner) 
              
              
» 
iggy_the_fisk (
green | 124 APM | 1537 actions | 12:23)
              
 3 Archmage 
 2 Summon Water Elemental
 1 Brilliance Aura
 2 Mountain King 
 1 Storm Bolt
 1 Bash
 
                » actions 
                
                | Assign group hotkey | 194 |  | 
| Basic commands | 19 |  | 
| Build / train | 57 |  | 
| Enter build submenu | 18 |  | 
| Enter hero's abilities submenu | 5 |  | 
| Give item / drop item | 1 |  | 
| Remove unit from queue | 1 |  | 
| Right click | 791 |  | 
| Select / deselect | 218 |  | 
| Select group hotkey | 152 |  | 
| Use ability | 81 |  | 
                1537 total
 » units 
                
                | Peasant | 11 |  | 
| Footman | 6 |  | 
| Sorceress | 6 |  | 
| Priest | 3 |  | 
| Spell Breaker | 2 |  | 
                28 total
 » upgrades
                
                | Defend | 1 |  | 
| Masonry | 1 |  | 
| Sorceress Training | 1 |  | 
                3 total
 » buildings
                
                | Altar of Kings | 1 |  | 
| Barracks | 1 |  | 
| Farm | 6 |  | 
| Keep | 1 |  | 
| Arcane Vault | 2 |  | 
| Arcane Sanctum | 2 |  | 
| Lumber Mill | 1 |  | 
| Guard Tower | 7 |  | 
| Scout Tower | 2 |  | 
| Town Hall | 1 |  | 
                24 total
 » build order
                00:04 Altar of Kings
00:18 Barracks
00:28 Farm
00:53 Farm
01:31 Farm
03:20 Keep
03:49 Farm
04:26 Arcane Vault
05:34 Farm
06:17 Arcane Sanctum
06:19 Arcane Sanctum
06:50 Farm
06:52 Lumber Mill
08:58 Guard Tower
08:59 Guard Tower
09:01 Guard Tower
09:01 Guard Tower
09:02 Guard Tower
09:22 Scout Tower
09:44 Guard Tower
09:46 Scout Tower
09:55 Arcane Vault
11:10 Town Hall
» items
                
                | Staff of Teleportation | 1 |  | 
| Scroll of Regeneration | 3 |  | 
| Lesser Clarity Potion | 1 |  | 
| Ivory Tower | 3 |  | 
                8 total
  
               
              
              
» 
TIMG4STRok (
pink | 138 APM | 1707 actions | 12:23)
              
 4 Blademaster 
 2 Wind Walk
 2 Critical Strike
 2 Shadow Hunter 
 1 Hex
 1 Healing Wave
 
                » actions 
                
                | Assign group hotkey | 15 |  | 
| Basic commands | 31 |  | 
| Build / train | 28 |  | 
| Enter build submenu | 10 |  | 
| Enter hero's abilities submenu | 6 |  | 
| Give item / drop item | 1 |  | 
| Right click | 785 |  | 
| Select / deselect | 103 |  | 
| Select group hotkey | 676 |  | 
| Use ability | 52 |  | 
                1707 total
 » units 
                
                | Peon | 6 |  | 
| Grunt | 5 |  | 
| Raider | 1 |  | 
| Spirit Walker | 1 |  | 
                13 total
 » upgrades
                
                | Berserker Strength | 1 |  | 
| Pillage | 1 |  | 
| Ensnare | 1 |  | 
| Spirit Walker Training | 1 |  | 
                4 total
 » buildings
                
                | Altar of Storms | 1 |  | 
| Orc Burrow | 4 |  | 
| Barracks | 1 |  | 
| Stronghold | 1 |  | 
| Voodoo Lounge | 1 |  | 
| Beastiary | 1 |  | 
| Spirit Lodge | 1 |  | 
| Great Hall | 1 |  | 
                11 total
 » build order
                00:02 Altar of Storms
00:16 Orc Burrow
00:44 Barracks
01:29 Orc Burrow
02:42 Stronghold
03:47 Orc Burrow
03:48 Voodoo Lounge
05:17 Beastiary
06:24 Spirit Lodge
07:36 Orc Burrow
11:19 Great Hall
» items
                
                | Staff of Teleportation | 1 |  | 
| Healing Salve | 1 |  | 
                2 total
  
                Chat log
          
(03:00 / All) TIMG4STRok: lmao
(05:14 / All) TOWER-CRAFT: dumb niggers
(06:04 / All) TIMG4STRok: LOL
(06:15 / All) TIMG4STRok: embarassing
(08:09 / All) TIMG4STRok: jesus christ
(09:34 / All) TIMG4STRok: tp dude
(10:15 / All) TIMG4STRok: lmfao
(10:17 / All) TIMG4STRok: dude
(10:19 / All) TIMG4STRok: tp
(10:24 / All) TIMG4STRok: not gonna win by killing some burrows
(10:29 / All) PRONESS[ACOA]: cant take that
(10:30 / All) PRONESS[ACOA]: no point
(10:35 / All) TIMG4STRok: no shit you guys suck
(10:59 / All) TIMG4STRok: aboms jesus christ
(11:05 / All) TIMG4STRok: do you not know how to play
(12:17 / All) PRONESS[ACOA]: gg